Map: Hardwire LE

Players

Scarlett

  • Race: Zerg Zerg

ByuN - Winner!

  • Race: Terran Terran

Event: TSL 8

VOD

Have the link to the VOD?

Description

Time

  • Played on: Nov. 27, 2021, 11:46 a.m.
  • Length: 19:52

All games in this series

Show
View Real Time Build Order
Export as new Build Order

Scarlett Zerg 

Build Orders: 1 Base Baneling Bust, Pool First 

Get SALT Encoding   

  12  0:00  Drone  
  13  0:08  Drone  
  14  0:15  Drone, Extractor  
  14  0:31  Spawning Pool  
  14  0:35  Drone  
  14  0:43  Overlord  
  14  0:51  Drone, Extractor  
  15  1:02  Drone  
  16  1:17  Queen  
  16  1:18  Zergling x2  
  19  1:19  Metabolic Boost  
  19  1:24  Zergling x2  
  20  1:27  Zergling x2  
  20  1:31  Zergling x2  
  22  1:39  Overlord  
  22  1:46  Baneling Nest  
  21  1:57  Zergling x2  
  22  2:06  Zergling x2  
  23  2:19  Zergling x2  
  23  2:28  Zergling x2  
  23  2:29  Zergling x6  
  26  2:52  Drone  
  26  2:53  Drone, Hatchery  
  26  2:57  Baneling x4  
  27  3:01  Drone  
  28  3:06  Drone  
  28  3:12  Overlord  
  29  3:16  Drone  
  30  3:30  Drone x4  
  34  3:34  Drone  
  34  3:40  Overlord  
  35  3:48  Queen  
  37  4:00  Drone x3  
  40  4:06  Drone  
  41  4:10  Queen  
  43  4:21  Drone x4  
  47  4:32  Overlord  
  47  4:33  Drone x3  
  47  4:35  Overlord  
  50  4:40  Queen  
  52  4:49  Queen  
  52  4:50  Overlord  
  53  5:02  Hatchery  
  53  5:04  Drone x4  
  56  5:07  Drone x2  
  56  5:13  Drone x3  
  59  5:22  Zergling x8  
  59  5:26  Extractor  
  62  5:29  Queen  
  62  5:31  Spore Crawler  
  62  5:33  Spore Crawler  
  62  5:35  Drone x2  
  64  5:38  Queen  
  64  5:39  Drone x2  
  68  5:43  Drone x2  
  70  5:50  Baneling x2  
  70  5:52  Drone x2  
  72  5:59  Extractor  
  72  6:00  Spore Crawler  
  72  6:02  Drone x4  
  72  6:03  Baneling  
  72  6:04  Baneling  
  74  6:11  Drone  
  74  6:13  Queen  
  74  6:16  Lair  
  74  6:17  Overlord x2  
  77  6:28  Drone x2  
  77  6:32  Evolution Chamber x2  
  77  6:41  Drone x10  
  77  6:43  Queen  
  77  6:46  Overlord x2  
  89  6:54  Overlord x3  
  89  7:00  Zerg Ground Armor Level 1, Zerg Melee Weapons Level 1  
  89  7:10  Extractor  
  89  7:12  Zergling x14  
  95  7:16  Overseer  
  95  7:18  Centrifugal Hooks  
  95  7:20  Zergling x14  
  102  7:29  Baneling x4  
  102  7:32  Zergling x4  
  103  7:39  Zergling x6  
  101  7:51  Drone  
  101  7:52  Zergling x18  
  101  7:53  Zergling x4  
  112  8:02  Hatchery  
  112  8:03  Zergling x8  
  112  8:05  Overlord  
  114  8:07  Overlord  
  114  8:08  Overseer  
  109  8:22  Zergling x18  
  115  8:32  Zergling x4  
  117  8:39  Zergling x8  
  121  8:43  Baneling x34  
  121  8:44  Baneling x5  
  121  8:46  Zergling x12  
  127  8:49  Zergling x2  
  127  8:50  Zergling x4  
  130  8:56  Zergling x2  
  130  9:00  Zergling x4  
  126  9:08  Zergling x10  
  130  9:12  Zergling x6  
  130  9:15  Zergling x8  
  137  9:26  Zergling x8  
  137  9:27  Zerg Ground Armor Level 2, Zerg Melee Weapons Level 2  
  137  9:37  Zergling x8  
  125  9:41  Zergling x12  
  122  9:49  Zergling x10  
  122  9:52  Zergling x2  
  110  9:55  Drone  
  110  9:59  Drone x4  
  105  10:03  Drone  
  105  10:06  Zergling x2  
  107  10:08  Zergling x6, Hatchery  
  107  10:11  Zergling x10  
  114  10:16  Baneling x3  
  114  10:17  Baneling x22  
  114  10:19  Zergling x4  
  116  10:29  Zergling x18  
  122  10:36  Zergling x10  
  122  10:42  Drone x3  
  129  10:45  Zergling x2  
  129  10:46  Zergling x4  
  129  10:49  Zergling x2  
  133  10:55  Zergling x16  
  139  11:01  Zergling x6, Spore Crawler  
  133  11:14  Zergling x16  
  114  11:20  Zergling x6  
  112  11:25  Zergling x4  
  112  11:26  Zergling x12  
  105  11:35  Zergling x14  
  100  11:43  Drone x2  
  100  11:44  Drone x5  
  106  11:49  Zergling x2  
  106  11:50  Zergling x2  
  106  11:52  Infestation Pit  
  106  11:53  Drone x3  
  111  11:54  Drone x5  
  111  12:00  Extractor  
  111  12:01  Drone x3  
  116  12:02  Drone x2  
  116  12:03  Drone  
  116  12:04  Drone x2  
  116  12:07  Baneling x11  
  121  12:10  Zergling x2  
  121  12:15  Spore Crawler  
  118  12:18  Drone x2, Spore Crawler x2  
  118  12:19  Zergling x6  
  118  12:20  Queen  
  118  12:21  Baneling  
  123  12:30  Zergling x18  
  123  12:34  Hive  
  132  12:44  Zergling x18  
  141  12:51  Extractor  
  141  12:53  Zergling x4  
  141  12:54  Baneling x2  
  141  12:55  Overlord x3  
  141  12:56  Overlord  
  140  13:09  Drone  
  140  13:10  Drone  
  140  13:12  Overlord  
  138  13:21  Drone x2  
  138  13:23  Drone x3  
  138  13:24  Drone  
  138  13:25  Zergling x20  
  154  13:28  Baneling x12  
  148  13:43  Drone x6  
  148  13:45  Drone, Overlord  
  148  13:46  Overlord x2  
  153  13:48  Zerg Melee Weapons Level 3, Zerg Ground Armor Level 3  
  153  13:49  Adrenal Glands  
  153  13:50  Viper  
  153  13:51  Ultralisk Cavern  
  153  13:54  Viper  
  158  13:56  Zergling x6  
  158  14:00  Zergling x12  
  167  14:04  Spore Crawler  
  167  14:06  Spore Crawler  
  167  14:08  Zergling x4  
  167  14:09  Baneling  
  167  14:10  Baneling x8  
  167  14:16  Zergling x6  
  169  14:20  Hatchery  
  169  14:22  Zergling x14, Spore Crawler  
  174  14:28  Zergling x8  
  174  14:36  Zergling x8  
  175  14:46  Spore Crawler  
  175  14:47  Chitinous Plating  
  175  14:48  Zergling x20  
  184  14:53  Zergling x6  
  184  14:57  Zergling x2  
  184  14:58  Zergling x8  
  192  15:02  Ultralisk, Zergling x2  
  199  15:09  Pneumatized Carapace, Overseer  
  192  15:36  Drone x4  
  192  15:40  Spore Crawler  
  166  15:43  Extractor x2  
  166  15:48  Ultralisk x5  
  192  15:54  Drone x4  
  192  15:55  Drone x2  
  183  15:59  Zergling x16  
  183  16:00  Zergling x6  
  190  16:05  Anabolic Synthesis  
  190  16:06  Zergling x10  
  190  16:09  Baneling x8  
  166  16:34  Spire, Zergling x30  
  166  16:35  Spire  
  174  16:49  Hatchery  
  143  17:08  Ultralisk x2, Zergling x4  
  143  17:09  Zergling x34  
  143  17:25  Drone x2  
  145  17:30  Ultralisk, Zergling x10  
  145  17:33  Zergling x10  
  145  17:36  Drone  
  156  17:39  Queen  
  156  17:43  Baneling x14  
  158  17:45  Overseer  
  158  17:47  Drone x7  
  165  17:52  Zergling x4  
  167  18:01  Zergling x6  
  167  18:02  Zergling x14  
  162  18:07  Zergling x10  
  149  18:17  Spore Crawler  
  149  18:18  Spore Crawler  
  141  18:29  Corruptor x4  
  145  18:38  Drone x15  
  160  18:49  Zergling x14  
  160  18:52  Extractor  
  160  18:53  Overseer, Extractor  
  165  18:55  Baneling x4  
  165  18:56  Baneling x5  
  165  19:05  Hatchery  
  150  19:27  Zergling x12  
  150  19:28  Zergling x24  
Show
View Real Time Build Order
Export as new Build Order

ByuN Terran - Winner!

Build Orders:  

Get SALT Encoding   

  12  0:00  SCV  
  13  0:12  SCV  
  14  0:17  Supply Depot  
  14  0:24  SCV  
  15  0:39  Barracks  
  15  0:50  Barracks  
  15  1:04  Barracks  
  15  1:06  SCV  
  16  1:18  SCV  
  17  1:25  Marine  
  17  1:31  Orbital Command  
  18  1:37  Marine  
  18  1:38  Supply Depot  
  19  1:43  Marine  
  20  1:51  Marine  
  21  1:54  Marine  
  21  1:57  SCV  
  23  2:01  Marine  
  23  2:07  Bunker  
  24  2:12  Marine  
  24  2:14  SCV  
  26  2:19  Marine  
  27  2:28  Refinery  
  28  2:30  SCV  
  29  2:39  Supply Depot  
  28  2:51  SCV  
  26  2:52  Bunker  
  24  2:58  Barracks  
  24  3:02  Engineering Bay  
  24  3:08  Engineering Bay  
  24  3:12  Bunker  
  24  3:25  SCV  
  25  3:32  Factory  
  25  3:40  SCV, Command Center  
  26  3:52  SCV  
  27  3:58  Barracks Reactor  
  27  4:01  Marine x2  
  29  4:05  SCV  
  29  4:06  Refinery  
  30  4:16  Hellion  
  32  4:18  SCV  
  33  4:27  Starport  
  33  4:30  SCV  
  34  4:32  Marine  
  36  4:43  Supply Depot  
  36  4:44  Barracks Tech Lab  
  36  4:48  SCV  
  36  4:50  Hellion  
  36  4:52  Hellion, Orbital Command  
  40  4:55  Barracks Reactor, Marine  
  41  5:00  SCV  
  41  5:04  Viking  
  44  5:12  Hellion  
  44  5:13  Hellion  
  48  5:15  Stimpack  
  48  5:16  Orbital Command  
  48  5:19  SCV  
  49  5:26  Marine  
  50  5:31  SCV  
  50  5:35  Terran Infantry Weapons Level 1  
  51  5:41  SCV  
  52  5:43  SCV  
  52  5:44  Marine x3  
  52  5:45  Marine x2  
  52  5:47  Factory Tech Lab, Starport Reactor  
  58  5:53  SCV  
  58  5:55  SCV  
  58  5:56  Supply Depot  
  60  5:59  Supply Depot  
  60  6:05  SCV  
  60  6:08  SCV  
  62  6:17  Marine x5  
  67  6:19  SCV  
  67  6:20  SCV  
  67  6:22  Supply Depot  
  69  6:25  Medivac x2  
  73  6:33  SCV x2  
  73  6:35  Marine x3  
  73  6:39  Marine x2  
  78  6:44  Supply Depot  
  78  6:48  Supply Depot  
  78  6:49  SCV x2, Command Center  
  80  6:56  Siege Tank  
  80  6:58  Marine x2  
  80  6:59  Marine  
  86  7:04  Combat Shield  
  86  7:06  Marine x2  
  88  7:08  SCV, Refinery  
  88  7:09  Refinery  
  88  7:10  SCV  
  90  7:16  Marine  
  90  7:20  Marine x2  
  93  7:24  Marine x2  
  95  7:34  Marine  
  92  7:38  Marine x2  
  92  7:41  Marine x2  
  92  7:46  SCV x2  
  92  7:48  Medivac x2  
  92  7:49  Siege Tank  
  102  8:01  SCV x2, Barracks x2  
  102  8:02  Orbital Command  
  104  8:11  Marine x3  
  106  8:13  SCV x2  
  106  8:16  Marine  
  106  8:22  Marine  
  106  8:23  Siege Tank  
  104  8:28  Medivac, Marine  
  104  8:29  Marine x2  
  104  8:30  Medivac  
  104  8:32  Orbital Command  
  104  8:34  Marine  
  111  8:35  Terran Infantry Armor Level 1  
  111  8:36  SCV  
  111  8:40  Marine  
  114  8:42  SCV  
  114  8:46  Marine x2  
  117  8:51  Supply Depot  
  117  8:54  SCV x2, Marine x2  
  121  8:58  Marine  
  121  9:02  Barracks Reactor x2, Siege Tank  
  125  9:13  SCV x3  
  127  9:21  Liberator  
  130  9:25  SCV x2, Marine  
  130  9:30  Marine  
  133  9:32  Marine x2  
  133  9:33  Marine  
  133  9:34  Siege Tank  
  133  9:37  SCV x2  
  133  9:38  Marine x3  
  125  9:39  Marine  
  125  9:43  Marine  
  126  9:48  Marine  
  126  9:49  Orbital Command  
  126  9:50  Marine x3  
  126  9:51  SCV x2  
  99  9:56  Marine x3  
  99  9:57  Marine  
  101  10:01  Marine  
  101  10:03  SCV  
  101  10:04  SCV  
  101  10:05  Marine  
  105  10:08  Marine x3  
  108  10:14  Siege Tank  
  108  10:15  SCV  
  108  10:21  SCV x2  
  114  10:27  SCV  
  115  10:33  SCV x2  
  117  10:40  Marine  
  117  10:50  Engineering Bay, Armory  
  117  10:54  Supply Depot x2  
  117  11:00  SCV x3, Marine x5  
  123  11:12  SCV  
  123  11:13  Marine x2  
  123  11:14  Marine  
  123  11:15  Siege Tank, Marine  
  123  11:18  Marine x5  
  131  11:22  Medivac x2  
  131  11:24  SCV  
  131  11:25  SCV x2  
  128  11:30  Marine  
  128  11:31  Marine x2  
  127  11:33  Marine  
  127  11:36  Marine x4  
  127  11:37  Marine  
  127  11:39  SCV x2  
  118  11:43  SCV  
  116  11:47  Siege Tank  
  116  11:48  Marine  
  116  11:49  Supply Depot, Marine  
  116  11:51  SCV x2  
  116  11:52  Liberator  
  116  11:53  Terran Infantry Armor Level 2  
  126  12:02  Terran Infantry Weapons Level 2  
  126  12:08  Marine  
  126  12:09  Marine x4  
  126  12:10  Marine  
  126  12:12  Marine  
  132  12:19  Terran Vehicle Weapons Level 1  
  132  12:20  Siege Tank  
  132  12:31  Command Center  
  132  12:32  Factory  
  132  12:36  Marine  
  132  12:37  Marine x7  
  133  12:38  Marine  
  133  12:41  Liberator x2  
  147  12:50  Refinery  
  147  12:51  Supply Depot  
  147  12:52  Supply Depot  
  143  13:06  Marine  
  143  13:07  Marine x6  
  150  13:15  Factory Reactor  
  150  13:18  SCV x2  
  152  13:28  Marine  
  152  13:29  Marine  
  152  13:30  Marine x5  
  152  13:31  Marine x2  
  152  13:32  Widow Mine  
  163  13:38  Barracks  
  163  13:40  Barracks x2  
  160  13:43  Liberator x2  
  163  13:52  Supply Depot  
  163  13:54  Sensor Tower  
  163  13:55  Widow Mine x2  
  167  14:08  Marauder  
  167  14:09  Widow Mine  
  171  14:16  Widow Mine  
  171  14:17  Widow Mine  
  175  14:25  Medivac  
  175  14:26  Medivac  
  175  14:28  Marine  
  175  14:29  Barracks Tech Lab x2, Planetary Fortress  
  175  14:30  Widow Mine, Barracks Tech Lab  
  176  14:31  Terran Infantry Armor Level 3  
  176  14:37  Marauder, Marine x4  
  176  14:38  Widow Mine x2  
  180  14:59  Marauder x2  
  188  15:00  Marauder x2  
  188  15:05  Widow Mine x2  
  188  15:06  Widow Mine  
  194  15:09  Terran Infantry Weapons Level 3  
  194  15:20  Marauder  
  185  15:23  Marauder x2  
  185  15:24  Concussive Shells  
  189  15:35  Marauder, Terran Vehicle And Ship Armor Level 1  
  188  15:41  Marauder  
  182  15:44  Marauder  
  182  15:45  Widow Mine x3  
  182  15:47  Marauder  
  180  15:57  Marauder  
  180  16:00  Marine x3  
  180  16:01  Marine x3  
  180  16:03  Marauder  
  183  16:06  Marauder  
  183  16:09  Command Center  
  185  16:15  Marauder  
  185  16:16  Widow Mine x2  
  185  16:18  Marauder  
  185  16:20  Widow Mine  
  185  16:24  Marauder  
  179  16:27  Marauder  
  179  16:28  Marine x2  
  182  16:36  Marauder  
  182  16:37  Widow Mine x2  
  190  16:40  Marauder  
  190  16:41  Widow Mine  
  190  16:44  SCV x3  
  195  16:48  Marauder  
  195  16:51  Marauder  
  193  16:57  Marauder  
  193  16:59  Orbital Command  
  196  17:01  Widow Mine x2  
  196  17:04  Marauder, Widow Mine  
  179  17:10  Marauder  
  179  17:13  Marauder  
  150  17:19  Marauder  
  150  17:22  Widow Mine  
  150  17:23  Widow Mine, SCV  
  150  17:25  SCV  
  150  17:26  Marauder, Widow Mine  
  156  17:31  Marauder  
  156  17:34  Marauder, Drilling Claws  
  160  17:38  Marine x4  
  160  17:40  Marauder  
  160  17:44  Widow Mine x2  
  170  17:46  Marine x2  
  170  17:47  Marauder  
  174  17:52  Marauder  
  174  17:53  Marine x2  
  174  17:55  Marauder  
  174  17:56  Marine x2  
  182  18:02  Marauder  
  182  18:05  Widow Mine x2  
  184  18:07  Marine  
  184  18:09  Marauder  
  165  18:14  Marauder  
  165  18:16  Widow Mine  
  165  18:17  Marauder, Marine  
  169  18:23  Marauder  
  169  18:26  Widow Mine, Medivac x2  
  169  18:27  Widow Mine  
  173  18:30  Marauder, SCV x2  
  173  18:33  Planetary Fortress  
  168  18:40  Marine x3  
  171  18:41  Marine  
  171  18:46  Marine x2  
  172  18:56  Marauder x3, Medivac  
  172  18:58  Marauder, Marine  
  172  18:59  Marine  
  184  19:12  Widow Mine x3  
  190  19:17  Marauder  
  186  19:26  Marauder  
Tags
 
Add a new tag
Caveats
  • Supply blocks, unpowered buildings, or Contaminate may cause inaccurate times.
  • Supply counts are checked every 10 seconds.